 Dungeon Crawl Stone Soup version 0.20.1-1-g8b1a95d (webtiles) character file.

665 Gargoyl the Chopper (level 7, -1/61 HPs)
             Began as a Minotaur Abyssal Knight on Sept 2, 2017.
             Was a Priest of Lugonu.
             Slain by a killer bee (4 damage)
             ... on level 5 of the Dungeon.
             The game lasted 00:08:26 (3936 turns).

Gargoyl the Chopper (Minotaur Abyssal Knight)       Turns: 3936, Time: 00:08:27

Health: -1/61      AC: 10    Str: 17    XL:     7   Next: 31%
Magic:  8/8        EV:  6    Int: 14    God:    Lugonu [***...]
Gold:   227        SH: 11    Dex: 11    Spells: 6/6 levels left

rFire    + . .     SeeInvis .   a - +1 hand axe
rCold    . . .     Gourm    .   r - +0 large shield of the Ditch-Digger {Int+5} (curse)
rNeg     . . .     Faith    .   j - +4 ring mail {rF+}
rPois    .         Spirit   .   (helmet restricted)
rElec    .         Reflect  .   (no cloak)
rCorr    .         Harm     .   (no gloves)
MR       +....                  (no boots)
Stlth    +.........             (no amulet)
Regen    0.2/turn               d - ring of protection from magic
MPRegen  0.2/turn               (no ring)

@: lethally poisoned (-1 -> -10)
A: retaliatory headbutt, horns 2
a: Depart the Abyss, Bend Space, Banish, Renounce Religion


You were on level 5 of the Dungeon.
You worshipped Lugonu.
Lugonu was most pleased with you.
You were hungry.

You visited 1 branch of the dungeon, and saw 5 of its levels.
You visited the Abyss 1 time.
You also visited: Sewer.

You collected 227 gold pieces.

Inventory:

Hand Weapons
 a - a +1 hand axe (weapon)
Missiles
 e - 8 tomahawks (quivered)
Armour
 j - a +4 ring mail of fire resistance (worn)
 r - the cursed +0 large shield of the Ditch-Digger (worn) {Int+5}
   (You found it on level 4 of the Dungeon)

   It affects your intelligence (+5).
   It has a curse placed upon it.
Jewellery
 d - a ring of protection from magic (left hand)
 p - an uncursed ring of fire {unknown}
 u - a +2 ring of slaying {unknown}
Scrolls
 b - a scroll of remove curse
 k - a scroll of enchant armour
 n - a scroll of blinking
 q - 2 scrolls of identify
Potions
 f - a potion of agility
 g - a potion of lignification {unknown}
 l - a potion of might {unknown}
 m - a potion of haste {unknown}
 s - a potion of flight {unknown}
 t - a potion of mutation {unknown}
 w - a potion of magic {unknown}
 x - 2 potions of heal wounds {unknown}
 z - a potion of brilliance {unknown}
 B - a potion of curing {unknown}
Comestibles
 c - 9 bread rations
 h - 3 fruits
 i - 3 meat rations
 o - a royal jelly


   Skills:
 + Level 5.0 Fighting
 + Level 6.2 Axes
 + Level 0.2 Throwing
 * Level 5.0 Armour
 + Level 2.8 Dodging
 + Level 0.2 Shields
 * Level 3.6 Invocations


You had 6 spell levels left.
You didn't know any spells.

Dungeon Overview and Level Annotations

Branches:
Dungeon (5/15)             Temple (0/1) D:4

Altars:


Innate Abilities, Weirdness & Mutations

You reflexively headbutt those who attack you in melee.
You have a pair of horns on your head.


Message History

You hit the killer bee.
You feel sick. You block the killer bee's attack.
The killer bee stings you but does no damage.
The killer bee stings you.
* * * LOW HITPOINT WARNING * * *
The killer bee stings you but does no damage.
The killer bee stings you.
* * * LOW HITPOINT WARNING * * *
You are lethally poisoned!
The killer bee poisons you!
The killer bee stings you but does no damage.
Unknown command.
You are feeling hungry.
Your shield prevents you from hitting the killer bee.
Your headbutt misses the killer bee.
The killer bee is severely wounded.
You closely miss the killer bee.
* * * LOW HITPOINT WARNING * * *
You feel sick. You block the killer bee's attack.
The killer bee barely misses you. The killer bee stings you.
You die... ######## #...... #..... #..Zy #yyy#

###@##
#..<.#
#....#
#....#
#....#
#....#
#+####


You could see 4 killer bees and a centaur zombie.

Vanquished Creatures
  Eustachio (D:4)
  Edmund (D:4)
  A killer bee (D:5)
  2 centaur skeletons (D:4)
  2 hounds
  An orc wizard (D:3)
  An iguana (D:4)
  A worker ant (D:4)
  A gnoll (D:1)
  7 adders
  An ooze (D:2)
  2 worms (D:2)
  A dart slug (D:1)
  5 leopard geckos
  10 orcs
  7 bats
  3 giant cockroaches
  7 goblins
  6 hobgoblins
  7 jackals
  3 quokkas (D:4)
  6 ball pythons (Sewer)
  6 frilled lizards
  14 kobolds
  9 rats
  A plant (Sewer)
106 creatures vanquished.

Notes
Turn   | Place    | Note
-------+----------+-------------------------------------------
     0 | Abyss:1  | Gargoyl the Minotaur Abyssal Knight began the quest for the Orb.
     0 | Abyss:1  | Reached XP level 1. HP: 19/19 MP: 1/1
    50 | Abyss:2  | Noticed a sun demon
    51 | D:1      | Escaped the Abyss
   242 | D:1      | Reached * piety under Lugonu
   304 | D:1      | Reached XP level 2. HP: 26/27 MP: 2/2
   860 | D:1      | Reached skill level 3 in Axes
   941 | D:1      | Reached XP level 3. HP: 33/33 MP: 3/3
  1209 | D:2      | Reached XP level 4. HP: 26/40 MP: 4/4
  1809 | D:2      | Reached ** piety under Lugonu
  1809 | D:2      | Reached skill level 4 in Axes
  2295 | D:3      | Reached XP level 5. HP: 42/47 MP: 4/6
  2652 | D:4      | Noticed Edmund
  2665 | D:4      | Killed Edmund
  2665 | D:4      | Reached skill level 5 in Axes
  2665 | D:4      | Reached XP level 6. HP: 46/53 MP: 7/7
  2835 | D:4      | Noticed Eustachio
  2859 | D:4      | Killed Eustachio
  2892 | D:4      | Found a staircase to the Ecumenical Temple.
  2900 | D:4      | Reached XP level 7. HP: 60/60 MP: 8/8
  2953 | D:4      | Reached skill level 5 in Armour
  3098 | D:4      | Reached skill level 6 in Axes
  3139 | D:4      | Got a slimy large shield
  3145 | D:4      | Identified the cursed +0 large shield of the Ditch-Digger {Int+5} (You found it on level 4 of the Dungeon)
  3248 | D:4      | Found a glowing drain.
  3258 | Sewer    | Entered a sewer
  3297 | Sewer    | Reached *** piety under Lugonu
  3922 | D:5      | Entered Level 5 of the Dungeon
  3928 | D:5      | Reached skill level 5 in Fighting
  3936 | D:5      | HP: 3/61 [poisoned by a killer bee]
  3936 | D:5      | Slain by a killer bee

Skill      XL: |  1  2  3  4  5  6  7 |
---------------+----------------------+-----
Invocations    | 2 3 |  3.6
Fighting       | 4 5 |  5.0
Axes           | 3 4 5 6 |  6.2
Armour         | 3 4 5 |  5.0
Dodging        | 2 |  2.8
Throwing       | |  0.2
Shields        | |  0.2

Action                   |  1- 3 |  4- 6 |  7- 9 || total
-------------------------+-------+-------+-------++-------
Melee: Hand axe          |    60 |   128 |   106 ||   294
       Headbutt          |     4 |    23 |    17 ||    44
Throw: Tomahawk          |       |     4 |     1 ||     5
Invok: Depart the Abyss  |     1 |       |       ||     1
  Use: Scroll            |     4 |     4 |     1 ||     9
  Eat: Chunk             |     1 |     5 |     3 ||     9
       Fruit             |       |       |     1 ||     1
Armor: Leather armour    |    31 |       |       ||    31
       Ring mail         |       |    54 |    42 ||    96
Dodge: Dodged            |    66 |    71 |    29 ||   166
Block: Large shield      |       |       |    52 ||    52
